 Dungeon Crawl Stone Soup version 0.21-a0-221-gfe971b9 (webtiles) character file.

198 Gorglomux the Skirmisher (level 5, 0/51 HPs)
             Began as a Hill Orc Earth Elementalist on Aug 26, 2017.
             Slain by a gnoll
             ... wielding a +0 club
              (3 damage)
             ... on level 3 of the Dungeon.
             The game lasted 00:05:13 (3496 turns).

Gorglomux the Skirmisher (HOEE)                     Turns: 3496, Time: 00:05:13

Health: 0/51       AC:  3    Str: 12    XL:     5   Next: 76%
Magic:  7/7        EV: 11    Int: 15    God:
Gold:   71         SH:  0    Dex: 11    Spells: 6/7 levels left

rFire    . . .     SeeInvis .   a - +0 whip
rCold    . . .     Gourm    .   (no shield)
rNeg     . . .     Faith    .   c - +0 robe
rPois    .         Spirit   .   (no helmet)
rElec    .         Reflect  .   T - +0 cloak
rCorr    .         Harm     .   (no gloves)
MR       +....                  (no boots)
Stlth    +.........             (no amulet)
HPRegen  0.17/turn              m - ring of protection from magic
MPRegen  0.10/turn              (no ring)

@: drained
A: no striking features
a: no special abilities


You were on level 3 of the Dungeon.
You were not hungry.

You visited 1 branch of the dungeon, and saw 3 of its levels.

You collected 71 gold pieces.

Inventory:

Hand Weapons
 a - a +0 whip (weapon)
 b - a +0 blowgun
Missiles
 q - 57 stones (quivered)
 R - 3 poisoned needles
 Z - 2 throwing nets
Armour
 c - a +0 robe (worn)
 T - a +0 cloak (worn)
Jewellery
 m - a ring of protection from magic (left hand)
Scrolls
 g - 3 scrolls of identify {unknown}
 l - 2 scrolls of teleportation {unknown}
 Q - a scroll of amnesia {unknown}
 S - a scroll of enchant armour {unknown}
 V - 2 scrolls of remove curse {unknown}
 X - a scroll of random uselessness {unknown}
 Y - a scroll of immolation {unknown}
Potions
 U - a potion of lignification {unknown}
 W - a potion of degeneration {unknown}
Books
 e - a book of Geomancy

   Spells                             Type                      Level
   a - Sandblast                      Earth                        1
   b - Passwall                       Transmutation/Earth          2
   c - Stone Arrow                    Conjuration/Earth            3
   d - Petrify                        Transmutation/Earth          4
   e - Lee's Rapid Deconstruction     Earth                        5
Comestibles
 d - 2 bread rations
 o - 3 royal jellies
 p - 5 fruits
 z - a meat ration


   Skills:
 + Level 6.4(5.6) Fighting
 - Level 1.5(0.8) Dodging
 - Level 1.5(0.8) Stealth
 - Level 1.5(0.8) Spellcasting
   Level 0.6(0.0) Transmutations
 - Level 3.0(2.2) Earth Magic


You had 6 spell levels left.
You knew the following spells:

 Your Spells              Type           Power        Failure   Level  Hunger
a - Sandblast             Erth           #.....       10%         1    ##.....


Dungeon Overview and Level Annotations

Branches:
Dungeon (3/15)

Altars:
Xom
Zin


Message History

You butt the gnoll but do no damage!
The gnoll is severely wounded!
The butt barely misses you!
The gnoll hits you with a club! * * * don't die
* * * You punish the gnoll but do no damage!
The gnoll is severely wounded!
The gnoll closely misses you!
The gnoll hits you with a club!!! * * * don't die
* * * You closely miss the butt!
The gnoll is severely wounded!
The gnoll hits you with a spear! * * * don't die
* * * The gnoll barely misses butt!
The gnoll hits you but does no damage!
You closely miss the gnoll!
The gnoll is severely wounded!
The gnoll misses you! The gnoll butt-ly misses you!
You punish the gnoll, causing butt pain!
You annihilate the gnoll!!!
The butt hits you with a club! rip

########### #...#.....#
#...#.....# #...#.....#
#...#.....# #####
#...#.....# #...####
#...g)....#####...##..
#...#@......).).......
#...###.#.#####.......
#...# #.#.####....#... ..
#..g###.#...##........
...###g##................
..............(((.........
##<##....#...(............
#...#....(.......##....
###.##...........###...


You could see a gnoll.

Vanquished Creatures
  An orc priest (D:3)
  An orc wizard (D:3)
  3 gnolls (D:3)
  4 adders
  2 oozes (D:2)
  2 worms (D:2)
  3 dart slugs
  4 orcs
  5 giant cockroaches
  4 goblins
  4 hobgoblins
  3 jackals (D:2)
  9 kobolds
  7 bats
  5 frilled lizards
  5 rats
62 creatures vanquished.

Notes
Turn   | Place    | Note
-------+----------+-------------------------------------------
     0 | D:1      | Gorglomux the Hill Orc Earth Elementalist began the quest for the Orb.
     0 | D:1      | Reached XP level 1. HP: 14/14 MP: 3/3
    66 | D:1      | Reached skill level 1 in Fighting
   249 | D:1      | Reached skill level 2 in Fighting
   249 | D:1      | Reached XP level 2. HP: 16/24 MP: 0/4
   775 | D:2      | Reached skill level 3 in Fighting
   775 | D:2      | Reached XP level 3. HP: 16/31 MP: 0/5
  1231 | D:2      | Reached skill level 4 in Fighting
  1231 | D:2      | Reached XP level 4. HP: 39/40 MP: 3/6
  1481 | D:2      | Found a shimmering altar of Xom.
  1834 | D:2      | Found a glowing silver altar of Zin.
  2096 | D:3      | Reached skill level 5 in Fighting
  2679 | D:2      | Reached XP level 5. HP: 17/48 MP: 0/7
  2993 | D:3      | Reached skill level 6 in Fighting
  3496 | D:3      | Slain by a gnoll

Vault maps used:
D:1:      mainiacjoe_arrival_reflecting_pool
D:2:      lemuel_crystal_altar, lemuel_doored_altar, first_bread
D:3:      marbit_many_paths, chequers_temple_overflow_minitemple, uniq_natasha

Skill      XL: |  1  2  3  4  5 |
---------------+----------------+-----
Fighting       | 2 3 4 5 6 |  6.4
Dodging        | |  1.5
Stealth        | |  1.5
Spellcasting   | |  1.5
Transmutations | |  0.6
Earth Magic    | |  3.0

Action                   |  1- 3 |  4- 6 || total
-------------------------+-------+-------++-------
Melee: Unarmed           |    27 |       ||    27
       Whip              |    38 |   134 ||   172
 Fire: Blowgun           |       |    34 ||    34
Throw: Stone             |       |    10 ||    10
 Cast: Sandblast         |    25 |    32 ||    57
  Use: Potion            |       |     3 ||     3
 Stab: Sleeping          |     2 |     1 ||     3
  Eat: Chunk             |     2 |     8 ||    10
Armor: Robe              |    17 |    40 ||    57
Dodge: Dodged            |    44 |   122 ||   166

Table legend:
 A = Spawn XP
 B = Non-spawn XP
 C = Spawn XP percentage of total XP
 D = Spawn monster count
 E = Non-spawn monster count
 F = Spawn count percentage of total count
 G = Total turns spent on level
                    A         B        C        D         E        F      G
               +---------+---------+-------+---------+---------+-------+---------
         Total |      64 |     219 |  22.6 |      16 |      46 |  25.8 |  3496
               +---------+---------+-------+---------+---------+-------+---------
           D:1 |       3 |      22 |  12.0 |       2 |      13 |  13.3 |   892
           D:2 |      26 |      84 |  23.6 |       9 |      23 |  28.1 |  1771
           D:3 |      35 |     113 |  23.6 |       5 |      10 |  33.3 |   833
               +---------+---------+-------+---------+---------+-------+---------
